 Dungeon Crawl Stone Soup version 0.17.1-3-g152610e (webtiles) character file.

36587 inmateoo the Severer (level 13, -22/119 HPs)
             Began as a Minotaur Chaos Knight on Mar 2, 2016.
             Annihilated by Agnes
             ... wielding a +0 lajatang
              (34 damage)
             ... on level 14 of the Dungeon.
             The game lasted 00:31:24 (17408 turns).

inmateoo the Severer (Minotaur Chaos Knight)       Turns: 17408, Time: 00:31:24

Health: -22/119    AC: 11    Str: 26    XL:     13   Next: 53%
Magic:  12/12      EV: 15    Int:  9    God:    Xom [...*..]
Gold:   785        SH:  0    Dex:  8    Spells: 0 memorised, 12 levels left

rFire  . . .     SeeInvis +     D - +3 war axe (chop)
rCold  + . .     Clarity  .     b - +3 leather armour
rNeg   . . .     SustAt   .     (no shield)
rPois  +         Gourm    .     V - +1 hat {MR+}
rElec  .         Spirit   .     (no cloak)
rCorr  +         Warding  .     d - +0 pair of gloves
rMut   .         Stasis   .     T - +0 pair of boots {Stlth+}
MR     +....                    y - amulet of resist corrosion
Stlth  +++.......               J - ring of see invisible
                                j - ring of poison resistance

@: marked, hasted, very quick, somewhat resistant to hostile enchantments,
fairly stealthy
A: retaliatory headbutt, fangs 1, horns 2, camouflage 1, blurry vision 1, clumsy
1, cold resistance 1, mutation resistance 1, strong 2
a: Renounce Religion


You were on level 14 of the Dungeon.
You worshipped Xom.
You were a favourite toy of Xom.
You were not hungry.

You visited 1 branch of the dungeon, and saw 14 of its levels.

You collected 897 gold pieces.
You spent 112 gold pieces at shops.

Inventory:

Hand Weapons
 x - the +11 dagger "Ziel" {antimagic, rC+ MR+}
   (You found it on level 12 of the Dungeon)

   It disrupts the flow of magical energy around spellcasters and certain
   magical creatures (including the wielder).
   It protects you from cold.
   It affects your resistance to hostile enchantments.
 D - a +3 war axe of chopping (weapon)
 E - a +1 scimitar of flaming
Armour
 b - a +3 leather armour (worn)
 d - a +0 pair of gloves (worn)
 T - a +0 pair of boots of stealth (worn)
 V - a +1 hat of magic resistance (worn)
Jewellery
 j - a ring of poison resistance (left hand)
 r - an uncursed ring of wizardry
 s - a +4 ring of intelligence
 y - an amulet of resist corrosion (around neck)
 J - a ring of see invisible (right hand)
 M - an uncursed amulet of stasis {unknown}
 S - a cursed ring of fire {unknown}
Wands
 l - a wand of confusion (44)
 m - a wand of random effects (18)
 o - a wand of random effects (26)
 w - a wand of enslavement (11)
 G - a wand of polymorph (7)
 I - a wand of random effects (35)
 N - a wand of fireball (8)
 O - a wand of invisibility (2)
Scrolls
 a - a scroll of magic mapping
 e - 6 scrolls of remove curse
 f - 2 scrolls of recharging
 h - 6 scrolls of teleportation
 F - 4 scrolls of fog
 P - a scroll of blinking
 R - a scroll of enchant armour
 U - a scroll of fear
Potions
 i - a potion of resistance
 k - 2 potions of curing
 q - 3 potions of flight
 u - a potion of ambrosia
 z - a potion of cancellation
 A - a potion of poison
 B - a potion of magic {unknown}
 C - a potion of degeneration {unknown}
 K - a potion of beneficial mutation {unknown}
 L - 3 potions of brilliance
Books
 v - a book of Battle

   Spells                             Type                      Level
   a - Infusion                       Charms                       1
   b - Shroud of Golubria             Charms/Translocation         2
   c - Song of Slaying                Charms                       2
   d - Spectral Weapon                Hexes/Charms                 3
   e - Regeneration                   Charms/Necromancy            3
 Q - a book of Clouds

   Spells                             Type                      Level
   a - Mephitic Cloud                 Conjuration/Poison/Air       3
   b - Conjure Flame                  Conjuration/Fire             3
   c - Poisonous Cloud                Conjuration/Poison/Air       6
   d - Freezing Cloud                 Conjuration/Ice/Air          6
   e - Ring of Flames                 Charms/Fire                  7
 X - a book of Conjurations

   Spells                             Type                      Level
   a - Magic Dart                     Conjuration                  1
   b - Searing Ray                    Conjuration                  2
   c - Dazzling Spray                 Conjuration/Hexes            3
   d - Fulminant Prism                Conjuration/Hexes            4
   e - Iskenderun's Mystic Blast      Conjuration                  4
   f - Iskenderun's Battlesphere      Conjuration/Charms           5
 Y - a book of Hinderance

   Spells                             Type                      Level
   a - Confusing Touch                Hexes                        2
   b - Confuse                        Hexes                        3
   c - Gell's Gravitas                Hexes/Translocation          3
   d - Petrify                        Transmutation/Earth          4
   e - Metabolic Englaciation         Hexes/Ice                    5
Miscellaneous
 p - a sack of spiders
Comestibles
 c - 12 bread rations
 g - 8 meat rations
 t - 9 fruits
 H - a slice of pizza
 W - 2 beef jerkies
 Z - 3 chunks of flesh


   Skills:
 + Level 12.4 Fighting
 * Level 16.6 Axes
 + Level 12.4 Armour
 + Level 11.3 Dodging


You had 12 spell levels left.
You didn't know any spells.

Dungeon Overview and Level Annotations

Branches:
Dungeon (14/15)            Temple (0/1) D:7            Lair (0/8) D:11
    Orc (0/4) D:9
 Vaults: D:13-14

Altars:
Dithmenos
Elyvilon
Nemelex Xobeh
Ru
Sif Muna
Trog
Xom
Yredelemnul
The Shining One

Shops:
D:7 [

Annotations:
D:14 Agnes


Innate Abilities, Weirdness & Mutations

You reflexively headbutt those who attack you in melee.
You have a pair of horns on your head.
You have very sharp teeth.
Your skin changes colour to match your surroundings (Stealth).
Scrolls take you a little longer to read.
You are clumsy. (Dex -2)
Your flesh is cold resistant.
You are somewhat resistant to further mutation.
Your muscles are very strong. (Str +4)


Message History

You hit Agnes.
Agnes is moderately wounded.
Agnes misses you. You furiously retaliate!
You headbutt Agnes, but do no damage.
Something hits the troll!
You barely miss Agnes.
Agnes is moderately wounded.
Agnes hits you with a lajatang!!!
* * * LOW HITPOINT WARNING * * *
Something hits the troll.
You slash Agnes! Your headbutt misses Agnes.
Agnes is moderately wounded.
Agnes hits you with a lajatang!
* * * LOW HITPOINT WARNING * * *
Unknown command.
Drink which item? (? for menu, Esc to quit)
You feel yourself speed up. Agnes hits you with a lajatang!
* * * LOW HITPOINT WARNING * * *
Your long sword hits the yak!
Agnes hits you with a lajatang!!
You die...
Xom cackles wildly!

#....................
#.#......Y...#####...
#}#...))Y..[.........
#..........e(.e.##...
###..T(...###.......#
#.cY##### #.....###
#.YY# #.).##### #o#i#
#........ #.#@#
###....#... ##..#.#
###.....## .. #.. #.#
#...#...# .
#<###.###.####.##
###.#>..Q...# ##
#...#.#.#####
#...[.#.# ##...###.#
#.....##..


You could see Agnes, a tengu warrior, 3 yaks, a troll, a centaur and a friendly
long sword.

Vanquished Creatures
  The ghost of inmateoo the Cleaver, a journeyman GrCK of Xom (D:12)
  Erica (D:8)
  A centaur warrior (D:13)
  Nergalle (D:10)
  4 skeletal warriors (D:13)
  An unseen horror (D:11)
  A hill giant (D:13)
  4 cyclopes
  2 ugly things
  3 centaur zombies
  4 gargoyles
  The ghost of gabygaby the Firebug, a novice HOFE of Beogh (D:6)
  2 komodo dragons (D:11)
  A kobold demonologist (D:11)
  A troll (D:12)
  Grinder (D:3)
  A trapdoor spider zombie (D:10)
  3 slime creatures (D:13)
  A wraith (D:12)
  Sigmund (D:2)
  A spriggan (D:9)
  3 deep elf magi
  2 steam dragons
  7 yaks
  A shadow (D:12)
  3 hungry ghosts
  A basilisk (D:13)
  A basilisk (shapeshifter) (D:11)
  A spatial vortex (D:9)
  8 vampire mosquitoes
  Edmund (D:5)
  2 mottled dragons
  8 orc warriors
  A swamp drake (D:11)
  2 sky beasts
  2 wasps
  6 phantoms
  6 ice beasts
  A crocodile (D:11)
  17 centaurs
  6 ogres
  A necrophage (D:10)
  7 giant frogs
  3 wyvern skeletons
  A scorpion (D:9)
  18 killer bees
  9 wights
  9 jellies
  A giant frog zombie (D:11)
  4 crimson imps
  7 hounds
  4 orc wizards
  3 centaur skeletons
  9 orc priests
  2 giant frog skeletons
  2 iron imps
  Jessica (D:3)
  7 worker ants
  6 iguanas
  A hound zombie (D:7)
  2 hound skeletons (D:7)
  2 worker ant zombies
  12 gnolls
  10 adders
  3 shadow imps
  An adder zombie (D:9)
  3 oozes
  2 adder skeletons (D:4)
  2 worms
  7 giant geckos
  45 orcs
  8 bats
  5 giant cockroaches
  13 goblins
  11 hobgoblins
  14 kobolds
  4 quokkas
  A ball python (D:7)
  A giant gecko zombie (D:7)
  8 giant newts
  A goblin skeleton (D:6)
  A goblin zombie (D:6)
  2 hobgoblin zombies (D:6)
  8 jackals
  A jackal zombie (D:7)
  3 kobold zombies (D:6)
  2 orc skeletons (D:6)
  A quokka skeleton (D:4)
  A quokka zombie (D:7)
  36 rats
420 creatures vanquished.

Vanquished Creatures (collateral kills)
  Pikel (D:4)
  A komodo dragon (D:11)
  A deep elf mage (D:14)
  A basilisk (D:12)
  An orc warrior (D:7)
  2 orc priests
  An ice beast (D:10)
  A boggart (D:14)
  A killer bee (D:7)
  A giant frog skeleton (D:10)
  An iguana (D:7)
  A quasit (D:5)
  2 worker ants
  A hound zombie (D:10)
  2 gnolls (D:5)
  An orc (D:7)
19 creatures vanquished.

Vanquished Creatures (others)
  A dancing weapon (D:5)
  An orc priest (D:5)
  2 slaves (D:5)
  A wight (D:6)
  A crimson imp (D:5)
  A centaur zombie (D:5)
  A giant frog skeleton (D:5)
  A hound (D:5)
  An adder (D:5)
  An orc (D:5)
  A ball python (D:5)
12 creatures vanquished.

Grand Total: 451 creatures vanquished

Notes
Turn   | Place    | Note
--------------------------------------------------------------
     0 | D:1      | inmateoo the Minotaur Chaos Knight began the quest for the Orb.
     0 | D:1      | Reached XP level 1. HP: 19/19 MP: 0/0
    76 | D:1      | XOM: harmless Trmt miscast
   165 | D:1      | Reached XP level 2. HP: 27/27 MP: 1/1
   462 | D:1      | XOM: harmless Erth miscast
   525 | D:1      | Reached skill level 4 in Axes
   717 | D:2      | Reached XP level 3. HP: 33/33 MP: 2/2
  1020 | D:2      | XOM: divination: detect items
  1064 | D:2      | Reached XP level 4. HP: 38/40 MP: 3/3
  1224 | D:2      | Noticed Sigmund
  1224 | D:2      | XOM: potion effect (haste)
  1226 | D:2      | XOM: potion effect (invisibility)
  1234 | D:2      | Killed Sigmund
  1234 | D:2      | Reached skill level 5 in Axes
  1234 | D:2      | Reached XP level 5. HP: 38/47 MP: 4/4
  1235 | D:2      | Found a bloodstained altar of Trog.
  1330 | D:2      | Found a sparkling altar of Nemelex Xobeh.
  1642 | D:3      | Reached XP level 6. HP: 51/55 MP: 5/5
  1661 | D:3      | Noticed a wasp
  1668 | D:3      | Killed a wasp
  1668 | D:3      | Reached skill level 5 in Fighting
  1668 | D:3      | Reached skill level 6 in Axes
  1880 | D:3      | Found a faded altar to an unknown god.
  1918 | D:3      | Noticed Jessica
  1924 | D:3      | Killed Jessica
  1986 | D:3      | XOM: mild Ice miscast
  2058 | D:3      | Noticed Grinder
  2060 | D:3      | Paralysed by Grinder for 2 turns
  2072 | D:3      | Killed Grinder
  2072 | D:3      | Reached skill level 7 in Axes
  2072 | D:3      | Reached XP level 7. HP: 13/61 MP: 6/6
  2190 | D:3      | XOM: medium Divn miscast
  2708 | D:4      | XOM: potion effect (haste)
  2730 | D:4      | Reached skill level 5 in Armour
  2984 | D:5      | Found Tairil's Magic Scroll Boutique.
  2984 | D:5      | XOM: noise
  2984 | D:5      | Entered Level 5 of the Dungeon
  2997 | D:5      | XOM: blink monster(s)
  3000 | D:5      | Noticed Pikel
  3000 | D:5      | Noticed Edmund
  3022 | D:4      | XOM: fog
  3030 | D:4      | Killed Pikel
  3030 | D:4      | Reached skill level 8 in Axes
  3030 | D:4      | Reached XP level 8. HP: 16/70 MP: 7/7
  3209 | D:4      | XOM: god gift: falchion {god gift}
  3261 | D:5      | XOM: summons friendly quasit
  3349 | D:5      | Killed Edmund
  3349 | D:5      | Reached skill level 5 in Dodging
  3518 | D:5      | XOM: medium Trmt miscast
  3526 | D:5      | Gained mutation: Scrolls take you a little longer to read. [mutagenic glow]
  3624 | D:5      | XOM: polymorph freed slave -> swamp drake
  3779 | D:5      | XOM: harmless Chrm miscast
  3807 | D:5      | XOM: summons 4 hostile demons
  3808 | D:5      | Noticed a hornet
  3970 | D:6      | Found a glowing golden altar of the Shining One.
  3977 | D:6      | XOM: enchant monster (bad)
  3997 | D:6      | XOM: medium Divn miscast
  4080 | D:6      | XOM: noise
  4111 | D:6      | Reached skill level 9 in Axes
  4362 | D:6      | XOM: harmless Erth miscast
  4801 | D:6      | XOM: harmless Conj miscast
  4970 | D:6      | Noticed gabygaby's ghost (novice HOFE)
  4995 | D:6      | Killed gabygaby's ghost
  4995 | D:6      | Reached XP level 9. HP: 23/79 MP: 8/8
  5009 | D:6      | XOM: noise
  5099 | D:6      | XOM: colour smoke trail
  5293 | D:6      | XOM: mild Tloc miscast
  5406 | D:6      | XOM: harmless Chrm miscast
  5411 | D:6      | Reached skill level 10 in Axes
  5537 | D:7      | XOM: potion effect (haste)
  5591 | D:7      | XOM: summons friendly shadow imp
  5996 | D:7      | XOM: scenery: create altars
  6074 | D:7      | XOM: draining
  6119 | D:7      | Found a staircase to the Ecumenical Temple.
  6129 | D:7      | XOM: polymorph butterfly -> gnoll
  6159 | D:7      | Found Notur's Antique Armour Emporium.
  6168 | D:7      | Bought a pair of boots for 112 gold pieces
  6227 | D:7      | XOM: colour smoke trail
  6385 | D:7      | Found a deep blue altar of Sif Muna.
  6736 | D:8      | Found a sacrificial altar of Ru.
  6757 | D:8      | Noticed Erica
  6763 | D:8      | XOM: harmless Air miscast
  6771 | D:8      | Killed Erica
  6771 | D:8      | Reached skill level 11 in Axes
  6901 | D:8      | XOM: blink monster(s)
  6911 | D:8      | Reached XP level 10. HP: 74/90 MP: 9/9
  7261 | D:8      | XOM: polymorph crimson imp -> iron imp
  7342 | D:8      | XOM: give mutations
  7342 | D:8      | Gained mutation: You are dopey. (Int -2) [Xom's mischief]
  7342 | D:8      | Lost mutation: You are dopey. (Int -2) [Xom's mischief]
  7342 | D:8      | Gained mutation: You are somewhat resistant to further mutation. [Xom's mischief]
  7621 | D:8      | XOM: harmless Air miscast
  7738 | D:8      | XOM: noise
  7757 | D:9      | Found a staircase to the Orcish Mines.
  7759 | D:9      | XOM: mild Air miscast
  7775 | D:9      | XOM: mild Ice miscast
  7789 | D:9      | XOM: stat loss: -1 Dex (9/10)
  7990 | D:9      | Got a polished ring mail
  8019 | D:9      | Identified the +1 ring mail of Resourcefulness {MR- MP+9 Str+3 Stlth-} (You found it on level 9 of the Dungeon)
  8179 | D:9      | XOM: stat loss: -1 Int (8/9)
  8243 | D:9      | Found a shadowy altar of Dithmenos.
  8247 | D:9      | XOM: mild Summ miscast
  8361 | D:9      | XOM: enchant monster (bad)
  8374 | D:9      | XOM: mild Trmt miscast
  8400 | D:9      | XOM: cast spell 'Blink'
  8656 | D:8      | XOM: god gift: pair of boots {god gift}
  8905 | D:9      | XOM: summons friendly crimson imp
  8938 | D:9      | Reached skill level 12 in Axes
  9170 | D:9      | XOM: 1-stop teleportation journey
  9299 | D:9      | Found a white marble altar of Elyvilon.
  9333 | D:9      | XOM: summons 10 friendly demons
  9378 | D:9      | XOM: 1-stop teleportation journey
  9523 | D:9      | Found a basalt altar of Yredelemnul.
  9598 | D:9      | XOM: vitrification
  9655 | D:9      | XOM: silly message
  9716 | D:10     | Entered Level 10 of the Dungeon
  9781 | D:10     | XOM: enchant monster (good)
  9820 | D:10     | XOM: swap monsters
 10287 | D:10     | Noticed Nergalle
 10288 | D:10     | XOM: scenery: 1 doors close
 10492 | D:10     | XOM: confuse monster(s)
 10529 | D:10     | XOM: 1-stop teleportation journey
 10571 | D:10     | XOM: give mutations
 10571 | D:10     | Gained mutation: You have very sharp teeth. [Xom's grace]
 10571 | D:10     | Gained mutation: Your muscles are strong. (Str +2) [Xom's grace]
 10571 | D:10     | Gained mutation: Your flesh is cold resistant. [Xom's grace]
 10612 | D:10     | Killed Nergalle
 10612 | D:10     | Reached skill level 13 in Axes
 10612 | D:10     | Reached XP level 11. HP: 59/99 MP: 10/10
 10814 | D:10     | XOM: medium Chrm miscast
 10979 | D:10     | XOM: give mutation
 10979 | D:10     | Gained mutation: Your muscles are very strong. (Str +4) [Xom's grace]
 11009 | D:10     | XOM: scenery: 1 doors open
 11458 | D:11     | Reached skill level 10 in Fighting
 11672 | D:11     | XOM: scenery: create altars
 11694 | D:11     | Reached skill level 10 in Armour
 11712 | D:11     | Killed an unseen horror
 12067 | D:11     | XOM: confuse monster(s)
 12084 | D:11     | XOM: severe Ice miscast
 12517 | D:11     | Reached skill level 14 in Axes
 12538 | D:11     | Found a staircase to the Lair.
 12546 | D:11     | XOM: vitrification
 12707 | D:11     | XOM: colour smoke trail
 12981 | D:12     | XOM: god gift: 14 gold pieces
 13093 | D:12     | XOM: god gift: pair of embroidered boots {god gift}
 13366 | D:12     | XOM: summons 10 friendly demons
 13419 | D:12     | XOM: cast spell 'Ice Form'
 13832 | D:12     | XOM: potion effect (experience)
 13832 | D:12     | Reached skill level 15 in Axes
 13832 | D:12     | Reached skill level 10 in Dodging
 13832 | D:12     | Reached XP level 12. HP: 90/110 MP: 11/11
 13906 | D:12     | Noticed inmateoo's ghost (journeyman GrCK)
 13913 | D:12     | XOM: medium Pois miscast
 13924 | D:12     | XOM: divination: detect items
 13942 | D:12     | HP: 3/110 [inmateoo's ghost (14)]
 13951 | D:12     | XOM: confusion
 13953 | D:12     | XOM: enchant monster (bad)
 13956 | D:12     | XOM: divination: detect creatures
 14147 | D:12     | XOM: give mutations
 14147 | D:12     | Gained mutation: Your skin changes colour to match your surroundings (Stealth). [Xom's mischief]
 14147 | D:12     | Gained mutation: You are clumsy. (Dex -2) [Xom's mischief]
 14471 | D:12     | XOM: cast spell 'Cause Fear'
 14480 | D:12     | XOM: divination: magic mapping
 14492 | D:12     | Killed inmateoo's ghost
 14620 | D:12     | XOM: silly message
 14879 | D:12     | XOM: colour smoke trail
 15002 | D:12     | XOM: scenery: 4 doors close
 15115 | D:12     | Reached XP level 13. HP: 112/116 MP: 12/12
 15225 | D:12     | XOM: smoke on damage
 15242 | D:12     | XOM: noise
 15608 | D:12     | XOM: enchant monster (bad)
 15834 | D:12     | Got a transparent dagger
 15835 | D:12     | Identified the +11 dagger "Ziel" {antimagic, rC+ MR+} (You found it on level 12 of the Dungeon)
 15838 | D:12     | XOM: harmless Conj miscast
 16129 | D:13     | Reached skill level 16 in Axes
 16424 | D:13     | XOM: harmless Air miscast
 16488 | D:13     | XOM: harmless Fire miscast
 16551 | D:13     | XOM: silly message
 16568 | D:13     | XOM: vitrification
 16803 | D:13     | XOM: destruction
 17026 | D:13     | XOM: polymorph killer bee -> adder
 17071 | D:13     | XOM: harmless Hex miscast
 17389 | D:14     | Noticed Agnes
 17398 | D:14     | XOM: noise
 17408 | D:14     | Annihilated by Agnes

Action                   |  1- 3 |  4- 6 |  7- 9 | 10-12 | 13-15 || total
-------------------------+-------+-------+-------+-------+-------++-------
Melee: Hand axe          |   104 |   107 |   436 |   763 |   122 ||  1532
       Unarmed           |       |       |       |    12 |       ||    12
       War axe           |       |       |       |       |   164 ||   164
       Dagger            |       |       |       |       |     7 ||     7
Evoke: Wand              |       |       |       |       |     3 ||     3
  Use: Scroll            |       |       |    17 |     1 |     3 ||    21
       Potion            |       |       |     2 |    12 |     3 ||    17
 Stab: Invisible         |       |     2 |       |       |       ||     2
       Paralysed         |       |     1 |     9 |    26 |       ||    36
       Confused          |       |       |     1 |     9 |       ||    10
       Petrifying        |       |       |       |     3 |       ||     3
       Sleeping          |       |       |       |     2 |    10 ||    12
  Eat: Chunk             |     1 |     2 |    14 |    15 |     7 ||    39
       Beef jerky        |       |       |     1 |       |       ||     1
       Pizza             |       |       |     1 |     3 |     1 ||     5
       Royal jelly       |       |       |       |     5 |       ||     5
       Fruit             |       |       |       |     1 |       ||     1
